 Dungeon Crawl Stone Soup version 0.23.0-3-gf3c87f2df8 (webtiles) character file.

Game seed: 17971401316569954119

36 asterix666 the Chiller (level 3, 0/24 HPs)
             Began as a Demonspawn Ice Elementalist on Feb 24, 2019.
             Slain by Terence
             ... wielding a +0 mace
              (14 damage)
             ... on level 2 of the Dungeon.
             The game lasted 00:03:56 (1194 turns).

asterix666 the Chiller (DsIE)                       Turns: 1194, Time: 00:03:56

Health: 0/24       AC:  2    Str:  8    XL:     3   Next: 19%
Magic:  2/6        EV: 12    Int: 17    God:
Gold:   43         SH:  0    Dex: 13    Spells: 2/6 levels left

rFire    . . .     SeeInvis .   b - +0 dagger
rCold    . . .     Gourm    .   (no shield)
rNeg     . . .     Faith    .   a - +0 robe
rPois    .         Spirit   .   (no helmet)
rElec    .         Reflect  .   (no cloak)
rCorr    .         Harm     .   (no gloves)
MR       .....                  (no boots)
Stlth    ++........             (no amulet)
HPRegen  0.08/turn              (no ring)
MPRegen  0.10/turn              (no ring)

@: very slightly contaminated
A: talons 1, rot immunity
a: no special abilities


You were on level 2 of the Dungeon.
You were not hungry.

You visited 1 branch of the dungeon, and saw 2 of its levels.

You collected 43 gold pieces.

Inventory:

Hand Weapons
 b - a +0 dagger (weapon)
Armour
 a - a +0 robe (worn)
Jewellery
 i - a +3 ring of protection {unknown}
Scrolls
 e - a scroll of fear {unknown}
 f - 3 scrolls of teleportation {unknown}
 h - a scroll of remove curse {unknown}
Potions
 g - a potion of haste {unknown}
 j - a potion of curing {unknown}
Comestibles
 c - 2 rations
 d - a chunk of flesh


   Skills:
 * Level 0.0 Fighting
 + Level 1.7 Dodging
 - Level 1.7 Stealth
 * Level 2.0 Spellcasting
   Level 1.0 Conjurations
 - Level 4.0 Ice Magic


You had 2 spell levels left.
You knew the following spells:

 Your Spells              Type           Power        Failure   Level  Hunger
a - Freeze                Ice            ###.         3%          1    #......
b - Ozocubu's Armour      Chrm/Ice       #.......     26%         3    ###....

Your spell library contained the following spells:

 Spells                   Type           Power        Failure   Level  Hunger
 Throw Frost              Conj/Ice       ##....       11%         2    ###....
 Throw Icicle             Conj/Ice       ##......     56%         4    #####..
 Summon Ice Beast         Ice/Summ       #.......     63%         4    #####..


Dungeon Overview and Level Annotations

Branches:
Dungeon (2/15)

Altars:

Annotations:
D:2 Terence


Innate Abilities, Weirdness & Mutations

You have sharp toenails.
You are immune to rotting.


Message History

Terence is severely wounded.
Terence hits you with a +0 mace!
Casting: Freeze (safe; 3% risk of failure)
Confirm with . or Enter, or press ? or * to list all spells.
Aiming: Freeze (safe; 3% risk of failure)
Press: ? - help, Shift-Dir - straight line, f/p - Terence
Aim: Terence, wielding a +0 mace and wearing a +0 scale mail (severely wounded, unusually strong)
You freeze Terence.
Terence is severely wounded.
Terence closely misses you.
Casting: Freeze (safe; 3% risk of failure)
Confirm with . or Enter, or press ? or * to list all spells.
Aiming: Freeze (safe; 3% risk of failure)
Press: ? - help, Shift-Dir - straight line, f/p - Terence
Aim: Terence, wielding a +0 mace and wearing a +0 scale mail (severely wounded, unusually strong)
You miscast Freeze.
You are very lightly contaminated with residual magic.
Nothing appears to happen.
Terence hits you with a +0 mace!
Ouch! That really hurt!
You die...

#.............>.)...........
#...).........####.......##.
#.........##########.#####
#.........###...........#
######.#####...#.##.#.#.#
####..#####...#.##.#.# #
#...............##.#..
#<.).....##...####.#.##
#........##.@.# #...#
##########.@..# #.#.. #.####
..# #........# ..........#
...........# .............
..............
..............#


You could see Terence.

Vanquished Creatures
  An adder (D:2)
  An ooze (D:1)
  A dart slug (D:1)
  3 bats (D:1)
  2 giant cockroaches (D:1)
  2 goblins (D:1)
  3 hobgoblins
  2 kobolds (D:1)
  2 frilled lizards (D:1)
  4 rats (D:1)
21 creatures vanquished.

Notes
Turn   | Place    | Note
-------+----------+-------------------------------------------
     0 | D:1      | asterix666 the Demonspawn Ice Elementalist began the quest
                  | for the Orb.
     0 | D:1      | Reached XP level 1. HP: 13/13 MP: 3/3
   211 | D:1      | Reached skill level 3 in Ice Magic
   287 | D:1      | Gained mutation: You are immune to rotting. [demonic
                  | ancestry]
   287 | D:1      | Reached XP level 2. HP: 16/19 MP: 1/5
   963 | D:2      | Gained mutation: You have sharp toenails. [demonic
                  | ancestry]
   963 | D:2      | Reached XP level 3. HP: 21/24 MP: 2/6
   992 | D:2      | Reached skill level 4 in Ice Magic
  1059 | D:2      | Learned a level 3 spell: Ozocubu's Armour
  1184 | D:2      | Noticed Terence
  1194 | D:2      | Slain by Terence

Skill      XL: |  1  2  3 |
---------------+----------+-----
Ice Magic      | 3 4 |  4.0
Dodging        | |  1.7
Stealth        | |  1.7
Spellcasting   | |  2.0
Conjurations   | |  1.0

Action                   || total
-------------------------++-------
Melee: Dagger            ||    42
 Cast: Freeze            ||    22
 Stab: Sleeping          ||     6
  Eat: Chunk             ||     1
Armor: Robe              ||     3
Dodge: Dodged            ||    26
